AoeStats
← [SEID] Mentor

Hideout

503529656Analyzed
3v3 RM · 1mo ago on Sep 1, 2026· 30m 59s· 6 players
Game mode
Random Map
Map size
Normal (6 player)
Population
200
Speed
Normal
Resources
Standard
Victory
Conquest
Starting age
Dark Age
Ending age
Imperial Age
RankedLock teamsTeams togetherTeam positionsShared explorationLock speedFull tech treeHidden civsTurbo modeCheats
Victory
Defeat
🇦🇷 Romans · Argentina
1565
+9
🇦🇷 Khmer · Argentina
1497
+11
🇦🇷 Celts · Argentina
1474
+12
🇲🇽 Saracens · Mexico
1425
-12
🇲🇽 Maya · Mexico
1388
-11
🇲🇽 Gurjaras · Mexico
1362
-9
[SEID] Mentor
10:28 Feudal Age
13:09 Castle Age
11:25 Double-Bit Axe
11:35 Horse Collar
13:48 Bloodlines
14:29 Gold Mining
16:49 Scale Barding Armor
20:31 Forging
21:38 Husbandry
23:22 Bow Saw
24:35 Chain Barding Armor
24:51 Iron Casting
26:42 Heavy Plow
30:09 Wheelbarrow
29:23 Loom
[SEID] Aletheia
2:51 Loom
9:48 Feudal Age
13:44 Castle Age
12:03 Double-Bit Axe
28:26 Ballistics
28:39 Bow Saw
fassu
5:14 Loom
10:06 Feudal Age
13:44 Castle Age
14:17 Double-Bit Axe
18:30 Horse Collar
20:26 Bow Saw
23:51 Gold Mining
24:52 Heavy Plow
25:30 Wheelbarrow
24:42 Town Watch
26:15 Gold Shaft Mining
25:36 Stone Mining
30:17 Stone Shaft Mining
30:42 Hand Cart
30:40 Town Patrol
30:25 Loom
33:44 Imperial Age
31:28 Scale Mail Armor
31:39 Forging
DiegoAzul10
9:22 Feudal Age
13:11 Double-Bit Axe
13:08 Horse Collar
13:57 Fletching
21:47 Castle Age
20:46 Padded Archer Armor
21:41 Wheelbarrow
21:50 Crossbowman
22:35 Bodkin Arrow
22:58 Bow Saw
22:41 Gold Mining
24:07 Ballistics
26:00 Thumb Ring
26:49 Loom
27:12 Scale Mail Armor
27:29 Leather Archer Armor
30:36 Hand Cart
[A2PL]Jdbcervantes
8:59 Feudal Age
14:38 Castle Age
15:05 Horse Collar
17:34 Loom
20:16 Scale Barding Armor
[A2PL]JUANDDCAB
0:37 Loom
10:59 Feudal Age
15:17 Castle Age
13:41 Double-Bit Axe
18:11 Forging
26:17 Squires
25:46 Pikeman
28:50 Scale Mail Armor
30:21 Eagle Warrior
31:46 Wheelbarrow
30:56 Town Watch
Connection lost

Rejoining the realm…

Still unreachable

The connection could not be restored.

Session expired

The server has moved on; the page needs a fresh start.